 Dungeon Crawl Stone Soup version 0.15.0-18-g9076a4f (console) character file.

8 gw the Shooter (level 2, -1/18 HPs)
             Began as a High Elf Hunter on Sept 6, 2014.
             Slain by a gnoll
             ... wielding a +0 flail
              (8 damage)
             ... on Level 1 of the Dungeon.
             The game lasted 00:04:09 (225 turns).

gw the Shooter (High Elf Hunter)                     Turns: 225, Time: 00:04:10

HP  -1/18        AC  3     Str 11      XL: 2   Next:  0%
MP   3/3         EV 11     Int 14      God:
Gold 0           SH  0     Dex 15      Spells:  0 memorised,  1 level left

rFire  . . .     SeeInvis .     a - +0 short sword
rCold  . . .     Clarity  .     d - +0 leather armour
rNeg   . . .     rCorr    .     (no shield)
rPois  .         rRot     .     (no helmet)
rElec  .         Spirit   .     (no cloak)
SustAb .         Warding  .     (no gloves)
rMut   .         Stasis   .     (no boots)
Gourm  .                        (no amulet)
MR     .....                    (no ring)
                                (no ring)

@: not resistant to hostile enchantments, unstealthy
A: no striking features
a: no special abilities


You were on level 1 of the Dungeon.
You were not hungry.

You visited 1 branch of the dungeon, and saw 1 of its levels.

Inventory:

Hand weapons
 a - a +0 short sword (weapon)
 b - a +1 shortbow
Missiles
 c - 14 arrows
Armour
 d - a +0 leather armour (worn)
Comestibles
 f - a bread ration
 g - 3 fruits
Scrolls
 e - a scroll of enchant armour {unknown}


   Skills:
 + Level 1.4 Fighting
 * Level 5.5 Bows
 + Level 2.3 Dodging
 - Level 1.1 Stealth


You had one spell level left.
You didn't know any spells.

Dungeon Overview and Level Annotations

Branches:
Dungeon (1/15)

Altars:


Message History

Aim: a gnoll, wielding a flail You shoot an arrow.
The arrow barely misses the gnoll.
Attempting RANGED ATTACK TO (2,1) Firing (i - inventory):
c - 15 arrows (quivered)
Press: ? - help, Shift-Dir - straight line, f/p - gnoll
Aim: a gnoll, wielding a flail You shoot an arrow.
The arrow hits the gnoll.
The gnoll is moderately wounded.
ATTACKING (1,1) Wield which item (- for none, * to show all)? (? for menu, Esc to quit)
a - a +0 short sword (weapon)
The gnoll hits you with a flail!
Ouch! That really hurt!
A ball python comes into view.
MOVING TO (0,1)
The gnoll closely misses you.
FLEEEEING!
MOVING TO (-2,-7)
The gnoll hits you with a flail!
You die...

#.##
#..#
##.#
#.##
#..#
##.## .
#..# ...
##.#
#....
#e#....#
#.g(...#
####...#
.(# .# #


You could see a gnoll.

Table legend:
 A = Turns spent in this place as a percentage of turns spent in the entire game.
 B = Non-inter-level travel turns spent in this place as a percentage of non-inter-level travel turns spent in the entire game.
 C = Inter-level travel turns spent in this place as a percentage of turns spent in this place.
 D = Turns resting spent in this place as a percentage of non-inter-level travel turns spent in this place.
 E = Turns spent auto-exploring this place as a percentage of non-inter-level travel turns spent in this place.
 F = Non-inter-level travel turns spent in this place divided by the number of levels of this place that you've seen.
                   A       B       C       D       E      F
               +-------+-------+-------+-------+-------+----------------------
         Total | 100.0 | 100.0 |   0.0 |   4.9 |  19.5 |  82.0
       Dungeon | 100.0 | 100.0 |   0.0 |   4.9 |  19.5 |  82.0
               +-------+-------+-------+-------+-------+----------------------

Table legend:
 A = Kills in this place as a percentage of kills in entire the game.
 B = Kills by you in this place as a percentage of kills by you in the entire game.
 C = Kills by friends in this place as a percentage of kills by friends in the entire game.
 D = Other kills in this place as a percentage of other kills in the entire game.
 E = Experience gained in this place as a percentage of experience gained in the entire game.
 F = Experience gained in this place divided by the number of levels of this place that you have seen.
                   A       B       C       D       E      F
               +-------+-------+-------+-------+-------+----------------------
         Total | 100.0 | 100.0 |  -nan |  -nan | 100.0 |  12.0
       Dungeon | 100.0 | 100.0 |  -nan |  -nan | 100.0 |  12.0
               +-------+-------+-------+-------+-------+----------------------

Vanquished Creatures
  A giant cockroach (D:1)
  A goblin (D:1)
  A hobgoblin (D:1)
  A ball python (D:1)
  A giant newt (D:1)
  4 rats (D:1)
9 creatures vanquished.

Notes
Turn   | Place    | Note
--------------------------------------------------------------
     0 | D:1      | gw, the High Elf Hunter, began the quest for the Orb.
     0 | D:1      | Reached XP level 1. HP: 13/13 MP: 2/2
   148 | D:1      | Reached XP level 2. HP: 18/18 MP: 3/3
   225 | D:1      | Slain by a gnoll

Action                   || total
-------------------------++-------
Melee: Short sword       ||     1
 Fire: Shortbow          ||    25

Vault maps used:
D:1:      dpeg_arrival_long_road
